AoeStats
← Schöner Pikser

Lombardia

510148590Analyzed
2v2 RM · 3d ago on Sep 29, 2026· 51m 4s· 4 players
Game mode
Random Map
Map size
Medium (4 player)
Population
200
Speed
Normal
Resources
Standard
Victory
Conquest
Starting age
Dark Age
Ending age
Imperial Age
RankedLock teamsTeams togetherTeam positionsShared explorationLock speedFull tech treeHidden civsTurbo modeCheats
Victory
Defeat
🇵🇰 Poles · Pakistan
1404
+13
🇺🇸 Saracens · United States
1404
+13
🇩🇪 Japanese · Germany
1332
-13
🇩🇪 Georgians · Germany
1330
-13
Basil The Macedonian
8:04 Loom
10:04 Feudal Age
13:19 Horse Collar
13:25 Double-Bit Axe
18:55 Bloodlines
18:59 Town Watch
19:49 Wheelbarrow
23:08 Castle Age
22:30 Forging
22:27 Scale Barding Armor
22:34 Forging
23:15 Light Cavalry
23:56 Husbandry
25:34 Heavy Plow
25:45 Bow Saw
29:55 Town Patrol
30:33 Hand Cart
34:32 Imperial Age
33:21 Chain Barding Armor
35:12 Iron Casting
34:42 Winged Hussar
37:32 Lechitic Legacy
37:33 Conscription
37:39 Conscription
38:27 Blast Furnace
45:02 Fortified Wall
45:03 Masonry
47:33 Cavalier
48:57 Caravan
superzaiyen
6:36 Loom
9:04 Feudal Age
9:43 Double-Bit Axe
16:00 Fletching
21:18 Castle Age
20:09 Padded Archer Armor
19:55 Horse Collar
20:32 Gold Mining
21:42 Crossbowman
22:19 Bodkin Arrow
23:57 Bow Saw
30:46 Thumb Ring
30:55 Heavy Plow
34:59 Imperial Age
33:34 Ballistics
34:09 Wheelbarrow
34:15 Wheelbarrow
33:27 Town Watch
33:44 Stone Mining
34:29 Gold Shaft Mining
34:31 Leather Archer Armor
35:36 Masonry
35:47 Bracer
36:56 Chemistry
35:26 Arbalester
37:44 Hand Cart
37:30 Town Patrol
40:00 Bimaristan
40:36 Siege Engineers
44:06 Counterweights
46:03 Onager
47:17 Caravan
48:40 Ring Archer Armor
50:05 Siege Onager
__ynot__
8:05 Loom
9:54 Feudal Age
14:48 Castle Age
13:47 Double-Bit Axe
20:23 Horse Collar
34:05 Imperial Age
32:40 Bloodlines
32:30 Husbandry
33:28 Scale Barding Armor
34:04 Svan Towers
34:42 Chain Barding Armor
34:14 Cavalier
37:25 Wheelbarrow
37:16 Forging
39:02 Hand Cart
38:40 Fletching
39:15 Ballistics
39:56 Chemistry
38:49 Guard Tower
40:09 Plate Barding Armor
40:10 Bodkin Arrow
40:16 Padded Archer Armor
40:54 Iron Casting
41:04 Bow Saw
44:35 Bracer
45:37 Blast Furnace
44:49 Light Cavalry
47:29 Town Watch
47:14 Hussar
Schöner Pikser
5:06 Loom
10:24 Feudal Age
11:26 Double-Bit Axe
11:24 Horse Collar
13:31 Scale Barding Armor
16:39 Forging
24:38 Castle Age
24:00 Fletching
25:52 Bodkin Arrow
26:15 Husbandry
31:10 Ballistics
31:56 Pikeman
35:03 Padded Archer Armor
35:16 Bloodlines
39:16 Imperial Age
37:37 Thumb Ring
37:47 Scale Mail Armor
39:29 Squires
39:47 Leather Archer Armor
40:26 Bracer
39:52 Capped Ram
41:42 Chemistry
42:14 Heavy Cavalry Archer
43:44 Chain Mail Armor
44:18 Coinage
45:38 Bow Saw
46:07 Elite Skirmisher
50:42 Conscription
51:30 Plate Mail Armor
Connection lost

Rejoining the realm…

Still unreachable

The connection could not be restored.

Session expired

The server has moved on; the page needs a fresh start.